 Dungeon Crawl Stone Soup version 0.31.0-9-g3a7656b989 (webtiles) character file.

Game seed: 13762112720380391332

72 qw the Shooter (level 4, -6/22 HPs)
             Began as a Spriggan Hunter on Feb 2, 2024.
             Mangled by Sigmund
             ... wielding a +0 scythe
              (10 damage)
             ... on level 2 of the Dungeon.
             The game lasted 00:00:04 (1149 turns).

qw the Shooter (Spriggan Hunter)                    Turns: 1149, Time: 00:00:05

Health: -6/22      AC:  2    Str:  7    XL:     4   Next: 7%
Magic:  5/5        EV: 19    Int: 10    God:
Gold:   69         SH:  0    Dex: 20    Spells: 3/3 levels left

rFire   . . .        a - +0 shortbow
rCold   + . .        (shield currently unavailable)
rNeg    . . .        c - +0 robe
rPois   .            (helmet restricted)
rElec   .            (no cloak)
rCorr   .            (gloves unavailable)
SInv    +            (boots unavailable)
Will    +....        (no amulet)
Stlth   ++           h - ring of willpower
HPRegen 0.23/turn    i - ring of protection from cold
MPRegen 0.09/turn

%: no passive effects
@: about to teleport, very quick
A: very small, no large weapons, unfitting armour, see invisible, speed 3
a: no special abilities


You were on level 2 of the Dungeon.
You visited 1 branch of the dungeon, and saw 2 of its levels.

You collected 69 gold pieces.


Innate Abilities, Weirdness & Mutations

You are very small and have problems with some larger weapons.
You are too small for most types of armour.
You have supernaturally acute eyesight. (SInv)
You cover ground extremely quickly. (Speed+++)


   Skills:
 - Level 1.5 Fighting
 - Level 5.0 Ranged Weapons
 + Level 4.2 Dodging
 - Level 1.5 Stealth


You had 3 spell levels left.
You didn't know any spells.
Your spell library was empty.

Inventory:

Hand Weapons
 a - a +0 shortbow (weapon)
Armour
 c - a +0 robe (worn)
Jewellery
 h - a ring of willpower (left hand)
 i - a ring of protection from cold (right hand)
Scrolls
 g - 2 scrolls of teleportation
Potions
 f - 2 potions of curing

Dungeon Overview and Level Annotations

Branches:
Dungeon (2/15)

Altars:

Annotations:
D:2 Sigmund


Message History

You kill the adder!
Your Ranged Weapons skill increases to level 5!
Found a helmet and 6 stones.
Found a stone staircase leading down.
g - 3 scrolls of teleportation (gained 1)
An adder comes into view.
The adder hisses angrily.
You shoot an arrow. The arrow barely misses the adder.
Sigmund the Dreaded comes into view.
He is wielding a +0 scythe and wearing a +1 robe of fire resistance.
Sigmund shouts!
Enter note:
Enter note: You shoot an arrow.
The arrow closely misses the adder.
The arrow hits Sigmund!
Sigmund is moderately wounded.
You shoot an arrow. The arrow hits the adder!
The adder is almost dead.
You shoot an arrow. The arrow hits the adder!
You kill the adder!
You have reached level 4!
You shoot an arrow. The arrow hits Sigmund.
Sigmund is moderately wounded.
Sigmund points at you and mumbles some strange words.
The magic dart hits you!
You shoot an arrow. The arrow closely misses Sigmund.
You shoot an arrow. The arrow barely misses Sigmund.
Sigmund hits you from afar with a +0 scythe.
You shoot an arrow. The arrow completely misses Sigmund.
Sigmund hits you from afar with a +0 scythe!
1147 ||| READING 3 scrolls of teleportation.
As you read the scroll of teleportation, it crumbles to dust.
You feel strangely unstable.
You shoot an arrow. The arrow hits Sigmund.
Sigmund is heavily wounded.
Sigmund misses you.
You shoot an arrow.
The arrow hits Sigmund but does no damage.
Sigmund is heavily wounded.
Sigmund hits you from afar with a +0 scythe!
You die...
Sigmund begins carving another notch in his scythe.

#.# #.# #.#
#.# #######..
#.####@%@.....
#.##...###....
#.#..### .
#######.#.##
##.........#
##
#.........##
.###......####
...#......#
##........#


You could see Sigmund.

Vanquished Creatures
  2 adders (D:2)
  A gnoll (D:1)
  2 bats (D:1)
  4 endoplasms (D:1)
  A giant cockroach (D:2)
  8 goblins
  4 hobgoblins
  4 quokkas
  3 ball pythons
  3 frilled lizards (D:1)
  7 kobolds (D:1)
  A rat (D:1)
40 creatures vanquished.

Notes
Turn   | Place    | Note
-------+----------+-------------------------------------------
     0 | D:1      | qw the Spriggan Hunter began the quest for the Orb.
     0 | D:1      | Reached XP level 1. HP: 10/10 MP: 2/2
     0 | D:1      | 0 ||| qw: Version: 0.3-a-155-g5e7d8dd
     0 | D:1      | 0 ||| qw: Game counter: 2508
     0 | D:1      | 0 ||| qw: Melee chars always use a shield: true
     0 | D:1      | 0 ||| qw: God list: Okawaru
     0 | D:1      | 0 ||| qw: Allow faded altars: false
     0 | D:1      | 0 ||| qw: Do Orc after clearing Dungeon:15 true
     0 | D:1      | 0 ||| qw: Do second Lair branch before Depths: true
     0 | D:1      | 0 ||| qw: Lair rune preference: random
     0 | D:1      | 0 ||| qw: Goals: Normal
     0 | D:1      | 0 ||| PLANNING D:1-11
    52 | D:1      | Reached skill level 3 in Dodging
   240 | D:1      | Reached XP level 2. HP: 14/14 MP: 3/3
   549 | D:1      | HP: 1/14 [gnoll/+0 whip (4)]
   551 | D:1      | Reached XP level 3. HP: 2/18 MP: 4/4
   812 | D:1      | 812 ||| UPGRADING to ring of willpower.
   813 | D:1      | 813 ||| UPGRADING to ring of protection from cold.
   814 | D:1      | 814 ||| READING scroll labelled HYSMOA MION.
   815 | D:1      | 815 ||| READING 2 scrolls labelled IGULIU SASSUS.
   815 | D:1      | 815 ||| IDENTIFYING 2 black potions
   816 | D:1      | 816 ||| READING scroll of identify.
   816 | D:1      | 816 ||| IDENTIFYING 2 scrolls labelled CAUTUCYTIL
   817 | D:1      | 817 ||| DROPPING scroll of butterflies.
   915 | D:2      | 915 ||| FLEEEEING.
   957 | D:2      | Identified the +0 short sword "Azxadam" {antimagic, rPois
                  | Str-5 Dex+3}
  1089 | D:2      | Reached skill level 5 in Ranged Weapons
  1139 | D:2      | Noticed Sigmund
  1143 | D:2      | Reached XP level 4. HP: 22/22 MP: 5/5
  1146 | D:2      | HP: 4/22 [Sigmund/+0 scythe (8)]
  1147 | D:2      | 1147 ||| READING 3 scrolls of teleportation.
  1149 | D:2      | Mangled by Sigmund

Levels and vault maps discovered:
D:1:      psy_arrival_radial01, layout_basic
D:2:      layout_basic, basic_ecumenical_altar, serial_shops,
          nicolae_shop_industrial_runoff, minivault_26, skrybe_limestone_x,
          minmay_goblin_outpost, uniq_sigmund

Skill      XL: |  1  2  3 |
---------------+----------+-----
Dodging        | 3 4 |  4.2
Ranged Weapons | 5 |  5.0
Fighting       | |  1.5
Stealth        | |  1.5

Action                     |  1- 3 |  4- 6 || total
---------------------------+-------+-------++-------
   Fire: Shortbow          |    93 |     6 ||    99
    Use: Scroll            |     3 |     1 ||     4
 Armour: Robe              |     6 |     4 ||    10
  Dodge: Dodged            |    26 |     1 ||    27

Table legend:
 A = Non-vault XP
 B = Vault XP
 C = Vault XP percentage of total XP
 D = Non-vault monster count
 E = Vault monster count
 F = Vault count percentage of total count
                 A         B        C        D         E       F
            +---------+---------+-------+---------+---------+-------
      Total |      86 |      18 |  17.3 |      31 |       9 |  22.5
            +---------+---------+-------+---------+---------+-------
        D:1 |      51 |       0 |   0.0 |      25 |       0 |   0.0
        D:2 |      35 |      18 |  34.0 |       6 |       9 |  60.0
            +---------+---------+-------+---------+---------+-------
